Unix NetHack Version 5.0.0-0 post-release - last build May  4 2026 22:22:43 (774f63e81ad911689b3a0859ea89b322d5daca8d,branch:main).

Game began 2026-05-05 18:11:16, ended 2026-05-05 18:58:39.

Hekik, neutral male gnomish Wizard

                                 ------           #
       ----------------         #-.....#         -.------
      #................##       #|....|#         +......|
      #|..............|        ##|....|#         |......|          -----------
      #|..............|     #### ------#         |......|##########..........|
      #|..............|     #          #         ------.-#         |.........|
      #--------+--|----   ###          #       #   #######         |....`....|
      ##          #       #            #       #####   #           |.........|
       ##       ###       #            #       #       #           ------|----
        #       ##        #            ##      #       #               ###
        #       ###   #####             #      #     --.----           #
        #     -.--|---#                 #      #     |.....|           #
        #     |......|#                 #      #     |.....+          ##
        #     |.......#                 #      #     |.....|     -----.---
        #     |......|                  #-.--- #     |.....|     +.......|
  ------#     |......|                  #|.*r| #     |.....|     |.......|
  |...(|#     |....(.|                  #...d@##     -------#####........|
  |..<.-#     --------                   |..r|##############0    |...>...|
  ------                                 -----#                  ---------

Hekik the Thaumaturge     St:13 Dx:10 Co:13 In:19 Wi:10 Ch:13  Neutral
Dlvl:5  $:120 HP:0(33) Pw:45(56) AC:7  Xp:6/434 T:4234  Burdened

Latest messages:
 The wererat misses Booster.
 You hear some noises.
 The magic-absorbing blade cancels the rock mole!
 The rock mole bites!
 The rock mole bites!
 You miss the rock mole.
 In what direction?
 The spell misses the rock mole.
 The rock mole bites!
 In what direction?
 The runed dagger misses the rock mole.
 Your movements are now unencumbered.
 In what direction?
 The runed dagger misses the rock mole.
 The rock mole bites!
 In what direction?
 The runed dagger hits the rock mole.
 The magic-absorbing blade stuns the rock mole!
 You kill the rock mole!
 You have a little trouble lifting 3 uncursed runed daggers.  Continue? [ynq] (q)
 You have a little trouble lifting D - 3 uncursed runed daggers (at the ready).
 Your movements are slowed slightly because of your load.
 There is a rock mole corpse here; eat it? [ynq] (n)
 This rock mole corpse is fatty.
 The wererat summons help!
 A sewer rat suddenly appears next to you!
 You stop eating the rock mole corpse.
 A rabid rat suddenly appears next to you!
 A giant rat suddenly appears next to you!
 The wererat hits!
 Booster bites the sewer rat.
 The sewer rat bites Booster.
 Booster bites the sewer rat.
 The sewer rat is killed!
 In what direction?
 The spell hits the wererat!
 You kill the wererat!
 The giant rat bites!
 The rabid rat bites!
 You swap places with Booster.
 The rabid rat bites!
 Booster eats a partly eaten rock mole corpse.
 The giant rat bites!
 The rabid rat bites!
 You die...
 Do you want your possessions identified? [ynq] (y)
 Do you want to see your attributes? [ynq] (y)
 Do you want an account of creatures vanquished? [ynaq] (y)
 Do you want to see your conduct and achievements? [ynq] (y)
 Do you want to see the dungeon overview? [ynq] (y)

Inventory:
 Coins    ('$')
  $ - 120 gold pieces
 Weapons  (')')
  H - a blessed +0 dagger
  D - 3 uncursed +0 elven daggers (at the ready)
  G - the blessed rustproof +0 Magicbane (weapon in right hand)
  a - a blessed +1 quarterstaff
 Armor    ('[')
  o - an uncursed +0 orcish helm (being worn)
  z - an uncursed +0 pair of gauntlets of fumbling
  s - an uncursed +0 pair of levitation boots
  C - an uncursed +0 pair of low boots (being worn)
  b - an uncursed +0 cloak of magic resistance (being worn)
 Comestibles  ('%')
  Z - an uncursed tripe ration
 Scrolls  ('?')
  A - a blessed scroll of blank paper
  M - a blessed scroll of create monster
  t - an uncursed scroll of enchant armor
  i - 2 uncursed scrolls of enchant weapon
  y - an uncursed scroll of gold detection
  j - 2 uncursed scrolls of light
 Spellbooks  ('+')
  r - an uncursed spellbook of clairvoyance
  n - an uncursed spellbook of create monster
  l - an uncursed spellbook of detect food
  p - a cursed spellbook of extra healing
  k - a blessed spellbook of force bolt
 Potions  ('!')
  E - a cursed potion of confusion
  g - an uncursed potion of extra healing
  I - an uncursed potion of gain energy
  q - an uncursed potion of invisibility
  h - an uncursed potion of oil
  T - a blessed potion of paralysis
  w - an uncursed potion of sickness
  K - a cursed potion of speed
  f - an uncursed potion of water
 Rings    ('=')
  d - an uncursed ring of fire resistance
  u - an uncursed +1 ring of increase accuracy
  L - a cursed -1 ring of increase damage
  e - an uncursed ring of polymorph
  v - an uncursed ring of searching
 Wands    ('/')
  c - an uncursed wand of cancellation (0:5)
  x - an uncursed wand of teleportation (0:6)
 Tools    ('(')
  R - an uncursed bag of tricks (0:9)
  Q - an uncursed leash
  m - an uncursed magic marker (0:21)

Hekik the Wizard's attributes:

Background:
 You were a Thaumaturge, a level 6 male gnomish Wizard.
 You were neutral, on a mission for Thoth
 who was opposed by Ptah (lawful) and Anhur (chaotic).
 You were right-handed.
 You were in the Dungeons of Doom, on level 5.
 You entered the dungeon 4234 turns ago.
 You had 434 experience points, 206 more were needed to attain level 7.

Basics:
 You had 0 out of 33 hit points.
 You had 45 out of 56 energy points (spell power).
 Your armor class was 7.
 Your wallet contained 120 zorkmids.
 Autopickup was off.

Final Characteristics:
 Your strength was 13 (limit:18/50).
 Your dexterity was 10 (limit:18).
 Your constitution was 13 (limit:18).
 Your intelligence was 19 (limit:19).
 Your wisdom was 10 (limit:18).
 Your charisma was 13 (limit:18).

Final Status:
 You weren't hungry.
 You were burdened; movement was slightly slowed.
 You were wielding a dagger.
 You had basic skill with dagger.

Final Attributes:
 You were piously aligned.
 You were magic-protected.
 You were poison resistant.
 You were telepathic.
 You had infravision.
 You were warded.
 You are dead.

Miscellaneous:
 You didn't encounter any bones levels.
 Total elapsed playing time was 47 minutes and 21 seconds.

Major events:
 Turn
    1: Hekik the neutral male gnomish Wizard entered the dungeon
  932: attained the rank of Conjurer (level 3)
 1277: was bestowed with Magicbane by Thoth
 1992: entered the Gnomish Mines
 3364: attained the rank of Thaumaturge (level 6)
 4234: killed by a rabid rat

Spells:
 Name                 Level Category     Fail Retention
 force bolt             1   attack         0%   71%-80%
 detect food            2   divination    54%  76%-100%
 create monster         2   clerical      54%  76%-100%
 clairvoyance           3   divination    81%  76%-100%

Skills:
 Fighting Skills
   bare handed combat [Unskilled]
   riding             [Unskilled]
 Weapon Skills
   dagger             [Basic]
   knife              [Unskilled]
   axe                [Unskilled]
   short sword        [Unskilled]
   club               [Unskilled]
   mace               [Unskilled]
   quarterstaff       [Basic]
   polearms           [Unskilled]
   spear              [Unskilled]
   trident            [Unskilled]
   sling              [Unskilled]
   dart               [Unskilled]
   shuriken           [Unskilled]
 Spellcasting Skills
   attack spells      [Basic]
   healing spells     [Unskilled]
   divination spells  [Unskilled]
   enchantment spells [Basic]
   clerical spells    [Unskilled]
   escape spells      [Unskilled]
   matter spells      [Unskilled]

Voluntary challenges:
 Character rerolling was not enabled.
 You never genocided any monsters.
 You never polymorphed an object.
 You never changed form.
 You used no wishes.
Achievements:
 You attained the rank of Conjurer.
 You entered the Gnomish Mines.
 You attained the rank of Thaumaturge.

 The Dungeons of Doom: levels 1 to 6
    Level 1:
       An altar to Thoth.
    Level 2:
       A grave.
    Level 3:
       A fountain.
       Stairs down to The Gnomish Mines.
    Level 4:
    Level 5: <- You were here.
       A fountain.
       Final resting place for
          you, killed by a rabid rat.
    Level 6:
 The Gnomish Mines: levels 4 to 6
    Level 4:
    Level 5:
    Level 6:


Vanquished creatures:
  2 rock moles
  a shrieker
  2 kobold mummies
  2 giant ants
  2 little dogs
  5 floating eyes
  2 kittens
  a kobold leader
  2 hill orcs
  2 rothes
  a rabid rat
  4 orc zombies
  a dwarf zombie
  a wererat
  2 werejackals
  4 iguanas
  2 acid blobs
  4 hobbits
  2 hobgoblins
  2 giant rats
  2 cave spiders
  5 yellow molds
  a green mold
  a red mold
  a gnome
  5 geckos
 13 jackals
  2 foxes
  3 kobolds
  3 goblins
  5 sewer rats
  8 grid bugs
  8 lichens
  a kobold zombie
 14 newts
116 creatures vanquished.

No species were genocided or became extinct.

Game over:
                       ----------
                      /          \
                     /    REST    \
                    /      IN      \
                   /     PEACE      \
                  /                  \
                  |      Hekik       |
                  |      120 Au      |
                  |   killed by a    |
                  |    rabid rat     |
                  |                  |
                  |                  |
                  |       2026       |
                 *|     *  *  *      | *
        _________)/\\_//(\/(/\)/\//\/|_)_______

Goodbye Hekik the Wizard...

You died in The Dungeons of Doom on dungeon level 5 with 2094 points,
and 120 pieces of gold, after 4234 moves.
You were level 6 with a maximum of 33 hit points when you died.

